 Dungeon Crawl Stone Soup version 0.28.0-45-g0d030f2227 (webtiles) character file.

Game seed: 9238937863542189739

508 MisterFreud the Cudgeller (level 6, 0/46 (50) HPs)
             Began as a Palentonga Fighter on Apr 16, 2022.
             Was an Initiate of Cheibriados.
             Slain by a wight
             ... wielding a +0 falchion
              (5 damage)
             ... on level 4 of the Dungeon.
             The game lasted 00:04:12 (4038 turns).

MisterFreud the Cudgeller (Palentonga Fighter)      Turns: 4038, Time: 00:04:13

HP:   0/46 (50)     AC:  7    Str: 20    XL:     6   Next: 98%
MP:   6/6           EV:  7    Int: 10    God:    Cheibriados [......]
Gold: 108           SH:  4    Dex: 12    Spells: 5/5 levels left

rFire   . . .      SeeInvis +   s - +2 hand axe (venom)
rCold   . . .      Faith    .   c - +0 buckler
rNeg    . . .      Spirit   .   b - +0 scale mail
rPois   .          Reflect  .   (no helmet)
rElec   .          Harm     .   l - +0 cloak
rCorr   .          Rampage  .   (no gloves)
Will    .....                   (no barding)
Stlth   ..........              (no amulet)
HPRegen 0.15/turn               (no ring)
MPRegen 0.10/turn               (no ring)

@: drained, very slow
A: large, rugged brown scales 3, see invisible, deformed body, roll 1, armoured
tail
a: Rolling Charge, Renounce Religion


You were on level 4 of the Dungeon.
You worshipped Cheibriados.
Cheibriados was noncommittal.
You visited 1 branch of the dungeon, and saw 4 of its levels.

You collected 108 gold pieces.

Inventory:

Hand Weapons
 a - a +0 flail
 s - a +2 hand axe of venom (weapon)
Missiles
 i - 2 poisoned darts
 j - 6 boomerangs
 q - 4 javelins
Armour
 b - a +0 scale mail (worn)
 c - a +0 buckler (worn)
 l - a +0 cloak (worn)
Jewellery
 o - an amulet of the acrobat
 u - a ring of willpower
Scrolls
 e - a scroll of magic mapping {unknown}
 f - 3 scrolls of enchant weapon {unknown}
 h - 3 scrolls of identify {unknown}
 m - a scroll of fog {unknown}
 n - a scroll of amnesia {unknown}
 p - a scroll of torment {unknown}
 t - a scroll of teleportation {unknown}
Potions
 d - a potion of might
 g - 3 potions of curing {unknown}
 k - a potion of degeneration {unknown}
 r - a potion of ambrosia {unknown}


   Skills:
 - Level 3.1 Fighting
 + Level 3.9(5.5) Axes
 - Level 6.0(6.6) Maces & Flails
 - Level 2.5 Armour
 - Level 2.5 Shields


You had 5 spell levels left.
You didn't know any spells.
Your spell library was empty.

Dungeon Overview and Level Annotations

Branches:
Dungeon (4/15)
 Temple: D:4-7

Altars:
Cheibriados
Makhleb
Sif Muna
Vehumet

Annotations:
D:3 1 runed translucent door


Innate Abilities, Weirdness & Mutations

You are completely covered in rugged brown scales. (AC +3, +7% HP)
You have supernaturally acute eyesight. (SInv)
Armour fits poorly on your strangely shaped body.
You can roll at nearby foes to attack.
You have a long armoured tail.


Message History

The wight is moderately damaged.
You barely miss the wight.
The wight is moderately damaged.
The wight barely misses you.
You closely miss the wight.
The wight is moderately damaged.
The wight closely misses you.
You hit the wight.
You tail-slap the wight, but do no damage.
The wight is heavily damaged.
The wight hits you with a +2 mace of freezing.
The wight freezes you.
You hit the wight.
Your tail-slap misses the wight.
The wight is almost destroyed.
The wight hits you with a +2 mace of freezing!
The wight freezes you.
You hit the wight.
You destroy the wight!
Cheibriados appreciates the change of pace.
You barely miss the wight. The wight barely misses you.
You barely miss the wight.
Your tail-slap misses the wight.
The wight hits you with a +0 falchion! The wight misses you.
You hit the wight but do no damage.
The wight hits you from afar with a +3 halberd of freezing.
The wight freezes you. The wight hits you with a +0 falchion.
You feel drained.
You hit the wight but do no damage. The wight hits you but does no damage.
The wight barely misses you.
You hit the wight but do no damage.
Your tail-slap misses the wight.
The wight hits you with a +0 falchion.
The wight hits you from afar with a +3 halberd of freezing!
* * * LOW HITPOINT WARNING * * *
You feel drained.
* * * LOW HITPOINT WARNING * * *
The wight freezes you.
* * * LOW HITPOINT WARNING * * *
You block the wight's attack. The wight hits you but does no damage.
There is a stone staircase leading down here.
The wight hits you with a +0 falchion.
You die...

. ##.# #.# ..###..
#.# .......## #.#
........#####.#
..............#
........###########
.........z.zz......
########z#########.
#..@(......
#.#.####### #.#.. #
#.## #.# #.# #.#
..#


You could see 2 wights.

Vanquished Creatures
  An ogre (D:4)
  A water moccasin zombie (D:4)
  A wight (D:4)
  A hound (D:4)
  An orc priest (D:3)
  Jessica (D:2)
  2 orc wizards (D:3)
  Terence (D:2)
  Robin (D:3)
  6 adders (D:2)
  3 worms
  3 dart slugs
  The ghost of SHADDY the Sneak, a weakling SpEn (D:3)
  6 orcs (D:3)
  3 endoplasms
  5 giant cockroaches
  10 goblins
  14 hobgoblins
  3 quokkas
  4 ball pythons
  5 bats
  2 frilled lizards (D:3)
  9 kobolds
  4 rats
88 creatures vanquished.

Notes
Turn   | Place    | Note
-------+----------+-------------------------------------------
     0 | D:1      | MisterFreud the Palentonga Fighter began the quest for the
                  | Orb.
     0 | D:1      | Reached XP level 1. HP: 19/19 MP: 1/1
   302 | D:1      | Reached XP level 2. HP: 21/25 MP: 2/2
   395 | D:1      | Found a faded altar of an unknown god.
   951 | D:1      | You fall into a shaft and drop 1 floor!
   969 | D:2      | Reached skill level 3 in Maces & Flails
   969 | D:2      | Reached XP level 3. HP: 26/31 MP: 3/3
  1094 | D:2      | Noticed Terence
  1119 | D:2      | Noticed Jessica
  1124 | D:2      | Killed Jessica
  1125 | D:2      | Reached skill level 4 in Maces & Flails
  1125 | D:2      | Reached XP level 4. HP: 11/37 MP: 4/4
  1704 | D:2      | Killed Terence
  1806 | D:2      | Found a burning altar of Makhleb.
  1985 | D:2      | Reached skill level 5 in Maces & Flails
  1985 | D:2      | Reached XP level 5. HP: 43/43 MP: 5/5
  2295 | D:3      | Found a shimmering blue altar of Sif Muna.
  2521 | D:3      | HP: 1/43 [orc priest/divine providence (11)]
  2907 | D:3      | Found a radiant altar of Vehumet.
  2955 | D:3      | Noticed Robin
  2958 | D:3      | Killed Robin
  2959 | D:3      | Reached skill level 6 in Maces & Flails
  3113 | D:3      | Reached XP level 6. HP: 50/50 MP: 6/6
  3185 | D:3      | Found a runed translucent door.
  3189 | D:3      | Noticed SHADDY's ghost (weakling SpEn)
  3376 | D:3      | Found a runed translucent door.
  3387 | D:3      | Killed SHADDY's ghost
  3636 | D:4      | Reached skill level 1 in Axes
  3655 | D:4      | Found a snail-covered altar of Cheibriados.
  3678 | D:4      | Became a worshipper of Cheibriados the Contemplative
  4038 | D:4      | Slain by a wight

Illustrated notes

Levels and vault maps discovered:
D:1:      co_arrival_square_in_a_square_in_a_square, layout_basic,
          hellmonk_ecumenical_altar_zigzags, minmay_crystal_room,
          minmay_misc_feat_room, hangedman_abyss_or_decor_lesser_grid
D:2:      layout_basic, basic_altar, uniq_terence, uniq_jessica
D:3:      layout_loops_ring, kennysheep_orc_sif_temple, marbit_many_paths,
          ebering_ghost_sewer_f, uniq_robin
D:4:      cheibrodos_helix_gallery, layout_basic, nicolae_overflow_crystal_walls

Skill      XL: |  1  2  3  4  5  6 |
---------------+-------------------+-----
Maces & Flails | 3 4 5 6 |  6.0
Axes           | 3 |  3.9
Fighting       | |  3.1
Armour         | |  2.5
Shields        | |  2.5

Action                   |  1- 3 |  4- 6 || total
-------------------------+-------+-------++-------
Melee: Flail             |    92 |    88 ||   180
       Tailslap          |    10 |    22 ||    32
       Hand axe          |       |    61 ||    61
 Abil: Rolling Charge    |    17 |    27 ||    44
Armor: Scale mail        |    34 |    43 ||    77
Dodge: Dodged            |    36 |    49 ||    85
Block: Buckler           |    17 |    16 ||    33
